 Dungeon Crawl Stone Soup version 0.28-a0-851-g8b9cc49659 (webtiles) character file.

Game seed: 6318506334540923932

11415 pokeman the Eclecticist (level 11, -21/64 HPs)
             Began as a Deep Elf Hedge Wizard on Nov 15, 2021.
             Was a Believer of Vehumet.
             Demolished by a two-headed ogre (22 damage)
             ... on level 11 of the Dungeon.
             The game lasted 00:28:06 (13548 turns).

pokeman the Eclecticist (Deep Elf Hedge Wizard)    Turns: 13548, Time: 00:28:06

Health: -21/64     AC:  7    Str:  7    XL:     11   Next: 49%
Magic:  25/32      EV: 11    Int: 23    God:    Vehumet [**....]
Gold:   608        SH:  0    Dex: 14    Spells: 20/40 levels left

rFire   . . .      SeeInvis .   K - +6 spear (freeze)
rCold   + . .      Faith    .   (no shield)
rNeg    . . .      Spirit   .   M - +0 acid dragon scales
rPois   +          Reflect  .   c - +0 hat
rElec   .          Harm     .   (no cloak)
rCorr   +          Rampage  .   n - +0 pair of gloves
Will    +....                   (no boots)
Stlth   ++........              T - amulet of magic regeneration
HPRegen 0.20/turn               p - ring of poison resistance
MPRegen 0.48/turn               O - ring of protection from cold

@: no status effects
A: no striking features
a: Renounce Religion


You were on level 11 of the Dungeon.
You worshipped Vehumet.
Vehumet was pleased with you.
You visited 2 branches of the dungeon, and saw 12 of its levels.
You also visited: Ossuary.

You collected 751 gold pieces.
You spent 143 gold pieces at shops.

Inventory:

Hand Weapons
 C - a +0 shortbow
 K - a +6 spear of freezing (weapon)
Missiles
 e - 59 bolts
 k - 234 arrows
 N - 3 throwing nets
Armour
 c - a +0 hat (worn)
 n - a +0 pair of gloves (worn)
 G - a scarf of harm
 M - +0 acid dragon scales (worn)
 P - a +0 troll leather armour
 U - a +0 tower shield
Magical Staves
 R - a staff of earth
Jewellery
 p - a ring of poison resistance (left hand)
 y - a ring of ice
 O - a ring of protection from cold (right hand)
 T - an amulet of magic regeneration (around neck)
Wands
 g - a wand of paralysis (6)
 v - a wand of flame (41)
 B - a wand of iceblast (10)
 D - a wand of acid (6)
 E - a wand of polymorph (21)
 F - a wand of digging (8)
 I - a wand of mindburst (45)
 J - a wand of charming (15)
Scrolls
 a - 4 scrolls of fear {unknown}
 b - a scroll of noise {unknown}
 f - 12 scrolls of identify {unknown}
 i - 4 scrolls of fog {unknown}
 j - 5 scrolls of teleportation {unknown}
 m - 3 scrolls of enchant weapon {unknown}
 o - a scroll of blinking {unknown}
 r - a scroll of torment {unknown}
 s - 2 scrolls of amnesia {unknown}
 z - a scroll of immolation {unknown}
 A - a scroll of brand weapon {unknown}
 L - 4 scrolls of enchant armour {unknown}
 V - a scroll of acquirement {unknown}
Potions
 d - 2 potions of degeneration {unknown}
 h - 9 potions of heal wounds
 l - 8 potions of curing
 q - 2 potions of flight {unknown}
 t - 2 potions of ambrosia {unknown}
 u - a potion of might {unknown}
 w - a potion of invisibility {unknown}
 x - a potion of lignification {unknown}
 H - 2 potions of brilliance {unknown}
 Q - a potion of attraction {unknown}
 S - 2 potions of haste {unknown}


   Skills:
 + Level 5.7 Fighting
 - Level 3.0 Armour
 - Level 3.0 Dodging
 - Level 3.1 Stealth
 * Level 15.4 Spellcasting
 + Level 9.1 Conjurations
 - Level 1.1 Summonings
 - Level 1.1 Translocations
 + Level 8.3 Fire Magic
 - Level 1.1 Air Magic
 - Level 1.1 Earth Magic
 - Level 1.1 Poison Magic
 - Level 1.2 Evocations


You had 20 spell levels left.
You knew the following spells:

 Your Spells              Type           Power      Damage    Failure   Level
a - Magic Dart            Conj           100%       1d8       1%          1
b - Mephitic Cloud        Conj/Pois/Air  35%        N/A       3%          3
c - Call Imp              Summ           22%        N/A       5%          2
d - Blink                 Tloc           44%        N/A       5%          2
e - Conjure Flame         Conj/Fire      55%        6-21      1%          3
f - Foxfire               Conj/Fire      100%       2x1d9     1%          1
g - Flame Wave            Conj/Fire      55%        3d10      1%          4
h - Stone Arrow           Conj/Erth      82%        3d12      2%          3
i - Shock                 Conj/Air       100%       1d9       1%          1

Your spell library contained the following spells:

 Spells                   Type           Power      Damage    Failure   Level
 Frozen Ramparts          Ice            34%        1d5       17%         3
 Sandblast                Erth           46%        2d11      3%          1
 Inner Flame              Hex/Fire       37%        N/A       3%          3
 Slow                     Hex            68%        N/A       6%          1
 Passwall                 Tmut/Erth      16%        N/A       7%          2
 Sublimation of Blood     Necr           17%        N/A       9%          2
 Confusing Touch          Hex            17%        N/A       17%         3
 Ozocubu's Armour         Ice            17%        N/A       17%         3
 Irradiate                Conj/Tmut      19%        3d19      26%         5
 Petrify                  Tmut/Erth      20%        N/A       41%         4
 Metabolic Englaciation   Hex/Ice        8%         N/A       85%         5
 Yara's Violent Unravell  Hex/Tmut       8%         3d5       85%         5
 Statue Form              Tmut/Erth      13%        N/A       100%        6
 Ozocubu's Refrigeration  Ice            8%         4d6       100%        7


Dungeon Overview and Level Annotations

Branches:
Dungeon (11/15)            Temple (1/1) D:6            Lair (0/6) D:10
    Orc (0/2) D:9         Ossuary (visited)

Altars:
Cheibriados
Dithmenos
Elyvilon
Fedhas
Hepliaklqana
Kikubaaqudgha
Makhleb
Nemelex Xobeh
Okawaru
Vehumet
Xom
Yredelemnul

Shops:
D:7 =!

Annotations:
D:2 Loot behind rock
D:11 Loot behind glass


Message History

The eight-headed hydra bites you.
* * * LOW HITPOINT WARNING * * *
The eight-headed hydra closely misses you.
The eight-headed hydra barely misses you.
Casting: Stone Arrow (dangerous; 2% risk of failure)
Confirm with . or Enter, or press ? or * to list all spells.
You are still too unstable to blink.
Unknown command.
You feel stable enough to blink again.
Casting: Blink (safe; 5% risk of failure)
Confirm with . or Enter, or press ? or * to list all spells.
You blink.
A cyclops comes into view.
Okay, then.
Unknown command.
The cyclops shouts!
You hear two shouts!
Casting: Blink (safe; 5% risk of failure)
Confirm with . or Enter, or press ? or * to list all spells.
Aiming: Mephitic Cloud (dangerous; 3% risk of failure)
Press: ? - help, Shift-Dir - straight line, p - eight-headed hydra The ball explodes into a vile cloud!
The stinking cloud engulfs the cyclops but does no damage.
A two-headed ogre comes into view. It is wielding two +0 giant clubs.
Unknown command.
The two-headed ogre is engulfed in noxious fumes.
The two-headed ogre appears confused.
Found a club.
You feel stable enough to blink again.
The two-headed ogre is engulfed in noxious fumes.
The cyclops is engulfed in noxious fumes.
A shadow comes into view.
The cyclops is engulfed in noxious fumes.
The cyclops hits you!
* * * LOW HITPOINT WARNING * * *
Unknown command.
The two-headed ogre seems less confused.
The cyclops is engulfed in noxious fumes.
The cyclops appears confused.
The two-headed ogre hits you with a +0 giant club!!
You die...

.....#
#...##
......
...#..###
......#
######...#
....#.# .
#...#
...###...#
.)..W.C.D#
W..##...#
... #.O.#
.. #..@# .
#####


You could see an eight-headed hydra, a two-headed ogre, a cyclops (confused) and
a shadow (wandering).

Vanquished Creatures
  A boulder beetle (D:11)
  A hydra (D:10)
  Harold (D:10)
  2 two-headed ogres
  A cyclops (D:11)
  A komodo dragon (D:10)
  2 trolls
  8 yaks
  3 wyverns
  4 vampire mosquitoes (D:11)
  An acid dragon (D:9)
  A water moccasin (D:9)
  A black bear (D:6)
  A necrophage (D:4)
  7 orc warriors
  2 sky beasts
  A hornet zombie (D:8)
  8 centaurs
  5 ogres
  3 phantoms
  3 kobold brigands
  2 bullfrogs
  3 gnoll sergeants
  A scorpion (D:5)
  4 water moccasin zombies (Ossuary)
  A water moccasin skeleton (D:3)
  18 killer bees
  5 howler monkeys
  4 jellies
  3 hounds
  A centaur zombie (D:8)
  4 orc priests
  3 bullfrog skeletons
  2 orc wizards (D:11)
  2 iguanas
  A killer bee zombie (D:9)
  A hound zombie (D:5)
  2 mummies (Ossuary)
  2 howler monkey zombies
  9 gnolls
  10 adders
  2 white imps
  An ufetubus (D:5)
  5 adder zombies (Ossuary)
  An adder skeleton (D:4)
  A worm (D:4)
  A dart slug (D:3)
  18 orcs
  11 ball pythons
  9 bats
  8 endoplasms
  3 giant cockroaches
  9 gnoll zombies (Ossuary)
  7 goblins
  8 hobgoblins
  2 quokkas
  6 frilled lizards
  5 hobgoblin zombies (Ossuary)
  6 kobolds
  A kobold zombie (Ossuary)
  5 orc zombies (Ossuary)
  4 rats
248 creatures vanquished.

Vanquished Creatures (others)
  146 foxfires
  30 plants (D:10)
176 creatures vanquished.

Grand Total: 424 creatures vanquished

Notes
Turn   | Place    | Note
-------+----------+-------------------------------------------
     0 | D:1      | pokeman the Deep Elf Hedge Wizard began the quest for the
                  | Orb.
     0 | D:1      | Reached XP level 1. HP: 10/10 MP: 7/7
   410 | D:1      | Reached XP level 2. HP: 15/15 MP: 6/9
  1289 | D:2      | Reached skill level 5 in Spellcasting
  1454 | D:2      | Reached XP level 3. HP: 20/20 MP: 8/11
  1458 | D:2      | Learned a level 3 spell: Mephitic Cloud
  1461 | D:2      | Learned a level 2 spell: Call Imp
  1464 | D:2      | Learned a level 2 spell: Blink
  1468 | D:2      | Learned a level 3 spell: Conjure Flame
  1663 | D:2      | Found a shimmering altar of Xom.
  1848 | D:2      | Reached skill level 1 in Fighting
  2381 | D:3      | Reached skill level 1 in Armour
  2638 | D:3      | Reached XP level 4. HP: 19/25 MP: 7/13
  2833 | D:3      | Found a faded altar of an unknown god.
  2911 | D:3      | Reached skill level 1 in Fire Magic
  2953 | D:3      | Reached skill level 6 in Spellcasting
  3483 | D:4      | Reached XP level 5. HP: 19/29 MP: 13/15
  3660 | D:4      | Found a sand-covered staircase.
  3666 | Ossuary  | Entered an ossuary
  3800 | Ossuary  | Reached skill level 1 in Air Magic
  3863 | Ossuary  | Reached XP level 6. HP: 29/34 MP: 4/17
  3890 | Ossuary  | Reached skill level 7 in Spellcasting
  3890 | Ossuary  | Reached skill level 1 in Poison Magic
  4447 | D:4      | Reached XP level 7. HP: 39/39 MP: 6/20
  4885 | D:4      | Reached skill level 8 in Spellcasting
  5075 | D:4      | Reached skill level 1 in Evocations
  5555 | D:5      | Entered Level 5 of the Dungeon
  5960 | D:5      | Reached XP level 8. HP: 44/44 MP: 17/22
  6128 | D:5      | Reached skill level 9 in Spellcasting
  6296 | D:5      | Found a hazy altar of Hepliaklqana.
  6782 | D:6      | Found a staircase to the Ecumenical Temple.
  6792 | Temple   | Entered the Ecumenical Temple
  6867 | Temple   | Became a worshipper of Vehumet
  6938 | D:6      | Reached skill level 5 in Conjurations
  7268 | D:6      | Reached skill level 10 in Spellcasting
  7700 | D:6      | Reached XP level 9. HP: 19/48 MP: 13/25
  7710 | D:6      | Reached skill level 11 in Spellcasting
  8137 | D:7      | Found Ephoaheza's Distillery.
  8144 | D:7      | Bought a potion of curing for 33 gold pieces
  8144 | D:7      | Bought a potion of heal wounds for 55 gold pieces
  8144 | D:7      | Bought a potion of heal wounds for 55 gold pieces
  8315 | D:7      | Reached skill level 5 in Fire Magic
  8335 | D:7      | Reached * piety under Vehumet
  8335 | D:7      | Offered knowledge of Shock by Vehumet.
  8338 | D:7      | Learned a level 1 spell: Shock
  8402 | D:7      | Found Zetodal's Jewellery Shop.
  8413 | D:7      | Learned a level 1 spell: Foxfire
  8418 | D:7      | Learned a level 4 spell: Flame Wave
  9497 | D:8      | Learned a level 3 spell: Stone Arrow
  9970 | D:9      | Reached skill level 12 in Spellcasting
  9971 | D:9      | Reached skill level 1 in Earth Magic
 10414 | D:9      | Reached XP level 10. HP: 56/56 MP: 23/28
 10831 | D:9      | Found a staircase to the Orcish Mines.
 10841 | D:9      | Reached skill level 13 in Spellcasting
 10843 | D:9      | Reached ** piety under Vehumet
 10843 | D:9      | Offered knowledge of Poisonous Vapours by Vehumet.
 11492 | D:10     | Entered Level 10 of the Dungeon
 11864 | D:10     | Found a staircase to the Lair.
 12125 | D:10     | Noticed a seven-headed hydra
 12135 | D:10     | Killed a seven-headed hydra
 12136 | D:10     | Reached skill level 14 in Spellcasting
 12277 | D:10     | Noticed Harold
 12287 | D:10     | Reached skill level 5 in Fighting
 12289 | D:10     | Killed Harold
 12290 | D:10     | Reached XP level 11. HP: 51/63 MP: 11/31
 12512 | D:10     | Noticed a two-headed ogre
 12536 | D:10     | Killed a two-headed ogre
 12695 | D:11     | Offered knowledge of Frozen Ramparts by Vehumet.
 12852 | D:11     | Reached skill level 15 in Spellcasting
 12969 | D:11     | Noticed a boulder beetle
 12977 | D:11     | Noticed a two-headed ogre
 12993 | D:11     | HP: 3/64 [boulder beetle (7)]
 12996 | D:11     | Killed a boulder beetle
 13000 | D:11     | Killed a two-headed ogre
 13525 | D:11     | Noticed an eight-headed hydra
 13542 | D:11     | Noticed a two-headed ogre
 13545 | D:11     | HP: 1/64 [cyclops (16)]
 13548 | D:11     | Demolished by a two-headed ogre

Illustrated notes

Levels and vault maps discovered:
D:1:      amcnicky_arrival_flooded_fountain, layout_basic
D:2:      minmay_wonky_spiral, layout_basic, basic_altar, chequers_jeans,
          due_unseen_surprise
D:3:      layout_basic, ebering_ecumenical_altar_rust
D:4:      layout_loops_corners, enter_ossuary_5
D:5:      layout_basic, worldfamousw_hep_ancestral_shrine, chequers_mini_garden
D:6:      layout_loops_cross, minmay_temple_entry_overgrown, minivault_1
D:7:      layout_basic, serial_shops, shop, minmay_shop_enchanted_jewellery,
          kennysheep_another_room
D:8:      layout_gridville, kennysheep_nondescript
D:9:      layout_basic, kennysheep_orc_monster_closet_entryway
D:10:     layout_roguey, david_lair_shrubbed, kennysheep_generic_room_3,
          uniq_harold
D:11:     layout_rooms, due_unseen_surprise
Temple:   mainiacjoe_temple_circle_huts

Skill      XL: |  1  2  3  4  5  6  7  8  9 10 11 |
---------------+----------------------------------+-----
Spellcasting   | 5 6 7 8 10 12 14 15 | 15.4
Fighting       | 1 2 3 5 |  5.7
Armour         | 1 2 3 |  3.0
Conjurations   | 2 3 4 5 7 8 9 |  9.1
Dodging        | 3 |  3.0
Fire Magic     | 1 3 4 6 7 8 |  8.3
Stealth        | 3 |  3.1
Air Magic      | 1 |  1.1
Poison Magic   | 1 |  1.1
Evocations     | 1 |  1.2
Earth Magic    | 1 |  1.1
Summonings     | |  1.1
Translocations | |  1.1

Action                   |  1- 3 |  4- 6 |  7- 9 | 10-12 || total
-------------------------+-------+-------+-------+-------++-------
Melee: Dagger            |     5 |    47 |    74 |       ||   126
       Spear             |       |       |    12 |    22 ||    34
 Cast: Magic Dart        |   118 |    58 |   154 |       ||   330
       Conjure Flame     |     1 |    12 |    20 |    17 ||    50
       Call Imp          |       |     1 |     2 |       ||     3
       Mephitic Cloud    |       |     1 |    19 |    17 ||    37
       Blink             |       |     1 |       |     3 ||     4
       Foxfire           |       |       |    34 |    48 ||    82
       Flame Wave        |       |       |     8 |    17 ||    25
       Stone Arrow       |       |       |       |     2 ||     2
       Shock             |       |       |       |     1 ||     1
Evoke: Wand              |       |       |       |     5 ||     5
 Stab: Confused          |       |       |     7 |     2 ||     9
Armor: Robe              |     2 |       |       |       ||     2
       Leather armour    |       |    28 |    11 |       ||    39
       Acid dragon scale |       |       |       |     8 ||     8
Dodge: Dodged            |    12 |    52 |    85 |    41 ||   190

Table legend: (Time is in decaauts)
 A = Elapsed time spent in this place.
 B = Non-inter-level travel time spent in this place.
 C = Inter-level travel time spent in this place.
 D = Time resting spent in this place.
 E = Time spent auto-exploring this place.
 F = Levels seen in this place.
 G = Mean time per level.
                   A        B        C        D        E       F      G
               +--------+--------+--------+--------+--------+-----+--------+
         Total |  13550 |  13165 |    385 |    939 |  10421 |  13 | 1042.3 |
       Dungeon |  12752 |  12383 |    369 |    833 |   9966 |  11 | 1159.3 |
        Temple |     85 |     69 |     16 |      0 |     58 |   1 |   85.0 |
       Ossuary |    712 |    712 |      0 |    106 |    397 |   1 |  712.0 |
               +--------+--------+--------+--------+--------+-----+--------+

Top non-repeatable levels by time:
     D:9: 1398 daAuts
     D:6: 1340 daAuts
    D:10: 1330 daAuts
     D:4: 1288 daAuts
     D:3: 1238 daAuts
     D:8: 1231 daAuts
     D:1: 1218 daAuts
     D:5: 1139 daAuts
     D:2: 1096 daAuts
     D:7: 742 daAuts
    D:11: 727 daAuts
 Ossuary: 712 daAuts
  Temple: 85 daAuts
